 Dungeon Crawl Stone Soup version 0.30-a0-879-ga8ba668304 (webtiles) character file.

Game seed: 4474724578744112034

0 M4edhros the Charlatan (level 1, -1/13 HPs)
             Began as an Octopode Artificer on Mar 14, 2023.
             Slain by a gnoll
             ... wielding a +0 club
              (5 damage)
             ... on level 1 of the Dungeon.
             The game lasted 00:00:09 (23 turns).

M4edhros the Charlatan (Octopode Artificer)           Turns: 23, Time: 00:00:10

Health: -1/13      AC:  1    Str: 11    XL:     1   Next: 10%
Magic:  1/1        EV: 13    Int: 13    God:
Gold:   0          SH:  0    Dex: 12    Spells: 0/0 levels left

rFire   . . .      SeeInvis .    (no weapon)
rCold   . . .      Faith    .    (no shield)
rNeg    . . .      Spirit   .    (helmet restricted)
rPois   .          Reflect  .    (no amulet)
rElec   .          Rampage  .    (no ring)
rCorr   .                        (no ring)
Will    .....                    (no ring)
Stlth   +++                      (no ring)
HPRegen 0.22/turn                (no ring)
MPRegen 0.07/turn                (no ring)
                                 (no ring)
                                 (no ring)

@: no status effects
A: almost no armour, amphibious, 8 rings, camouflage 1, gelatinous body 1,
(nimble swimmer 1), tentacles
a: no special abilities


You were on level 1 of the Dungeon.
You visited 1 branch of the dungeon, and saw 1 of its levels.

Inventory:

Wands
 b - a wand of flame (15) (quivered)
 c - a wand of charming (13)
 d - a wand of iceblast (5)


   Skills:
 + Level 1.0 Fighting
 + Level 2.3 Dodging
 - Level 1.3 Stealth
 - Level 3.2 Evocations


You couldn't memorise any spells.
You didn't know any spells.
Your spell library was empty.

Dungeon Overview and Level Annotations

Branches:
Dungeon (1/15)

Altars:

Shops:
D:1 [


Innate Abilities, Weirdness & Mutations

You cannot wear most types of armour.
You are amphibious.
You can wear up to eight rings at the same time.
Your skin changes colour to match your surroundings (Stealth+).
Your rubbery body absorbs attacks. (AC +1, EV +1)
((You are camouflaged when in or above water. (Stealth+)))
You have tentacles for arms and can constrict up to eight enemies at once.


Message History

A frilled lizard comes into view.
A frilled lizard is nearby!
A gnoll comes into view. It is wielding a +0 club.
There are monsters nearby!
There are monsters nearby!
The gnoll shouts!
There are monsters nearby!
The frilled lizard barely misses you.
You tentacle-slap the frilled lizard. Your grab misses the frilled lizard.
Your squeeze misses the frilled lizard.
The frilled lizard is heavily wounded.
The frilled lizard closely misses you.
You barely miss the frilled lizard. Your grab misses the frilled lizard.
The frilled lizard is heavily wounded.
The frilled lizard misses you.
A kobold comes into view. It is wielding a +0 short sword.
The kobold shouts!
You tentacle-slap the frilled lizard.
You kill the frilled lizard!
You hear a shout!
The gnoll hits you with a +0 club.
A kobold comes into view. It is wielding a +0 short sword.
The gnoll hits you with a +0 club.
* * * LOW HITPOINT WARNING * * *
You see here a frilled lizard corpse.
There are monsters nearby!
You are too injured to fight recklessly!
There are monsters nearby!
You are too injured to fight recklessly!
You are too injured to fight recklessly!
Aiming: Charm
Press: ? - help, Shift-Dir - straight line, f - gnoll
Aim: a gnoll, wielding a +0 club (chance to affect: 66%)
The gnoll struggles to resist.
The gnoll completely misses you.
The kobold throws a stone.
The stone barely misses you.
Aiming: Charm
Press: ? - help, Shift-Dir - straight line, f/p - gnoll
Aim: a gnoll, wielding a +0 club (chance to affect: 66%)
The gnoll struggles to resist.
The gnoll hits you with a +0 club.
You die...

...#...........
...#........K..
...........K.
#.........##
#..........##
#..........##
#........#.....
#...@g.........
#.........∩....
.##....[.........
#...###..#.#......
..................
..................
~~~~~~~~~~~~≈~~≈~~
~≈≈≈~≈≈~≈≈~≈≈≈≈≈~≈
~≈≈≈≈≈≈≈≈≈≈≈≈≈≈≈≈~


You could see a gnoll and 2 kobolds.

Vanquished Creatures
  A frilled lizard (D:1)
1 creature vanquished.

Notes
Turn   | Place    | Note
-------+----------+-------------------------------------------
     0 | D:1      | M4edhros the Octopode Artificer began the quest for the
                  | Orb.
     0 | D:1      | Reached XP level 1. HP: 13/13 MP: 1/1
    10 | D:1      | Found Beoff's Armour Shoppe.
    23 | D:1      | Slain by a gnoll

Illustrated notes

Levels and vault maps discovered:
D:1:      dpeg_arrival_castle, layout_rooms, serial_shops,
          nicolae_shop_competitors_out_of_business, shop, shop,
          nicolae_shop_stone, minmay_misc_feat_encased,
          hangedman_abyss_or_decor_lesser_grid

Action                     || total
---------------------------++-------
  Melee: Unarmed           ||     3
  Evoke: Wand              ||     2
  Dodge: Dodged            ||     5

Table legend: (Time is in decaauts)
 A = Elapsed time spent in this place.
 B = Non-inter-level travel time spent in this place.
 C = Inter-level travel time spent in this place.
 D = Time resting spent in this place.
 E = Time spent auto-exploring this place.
 F = Levels seen in this place.
 G = Mean time per level.
                   A        B        C        D        E       F      G
               +--------+--------+--------+--------+--------+-----+--------+
         Total |     23 |     23 |      0 |      0 |      9 |   1 |   23.0 |
       Dungeon |     23 |     23 |      0 |      0 |      9 |   1 |   23.0 |
               +--------+--------+--------+--------+--------+-----+--------+

Top non-repeatable levels by time:
     D:1: 23 daAuts
